 Dungeon Crawl Stone Soup version 0.25-a0-665-ga69d64035b (webtiles) character file.

Game seed: 6274543606477198782, levelgen mode: deterministic

2186 MisterFreud the Shield-Bearer (level 9, 0/74 HPs)
             Began as a Gnoll Fighter on Mar 26, 2020.
             Slain by a two-headed ogre
             ... wielding a +0 giant club
              (26 damage)
             ... on level 8 of the Dungeon.
             The game lasted 00:14:17 (7636 turns).

MisterFreud the Shield-Bearer (Gnoll Fighter)       Turns: 7636, Time: 00:14:18

Health: 0/74       AC:  6    Str: 20    XL:     9   Next: 33%
Magic:  15/15      EV: 11    Int: 19    God:
Gold:   130        SH: 10    Dex: 14    Spells: 11/16 levels left

rFire    . . .     SeeInvis .   A - +0 trident of Autumn {venom, Int+6} (curse)
rCold    . . .     Gourm    .   c - +0 kite shield
rNeg     . . .     Faith    .   B - +0 robe
rPois    .         Spirit   .   (no helmet)
rElec    .         Reflect  .   x - +0 cloak
rCorr    .         Harm     .   H - +0 pair of gloves (curse)
MR       +....     Rnd*Tele +   u - +0 pair of boots
Stlth    ++........             (no amulet)
HPRegen  0.22/turn              v - ring of protection from magic
MPRegen  0.14/turn              G - ring of teleportation (curse)

@: heavily drained
A: distributed training, fangs 1, strong nose
a: no special abilities


You were on level 8 of the Dungeon.
You were not hungry.

You visited 2 branches of the dungeon, and saw 9 of its levels.

You collected 330 gold pieces.
You spent 200 gold pieces at shops.

Inventory:

Hand Weapons
 a - a +1 rapier
 A - the cursed +0 trident of Autumn (weapon) {venom, Int+6}
   (You found it on level 5 of the Dungeon)

   It poisons the flesh of those it strikes.
   It affects your intelligence (+6).
   It has a curse placed upon it.
Missiles
 h - 63 sling bullets
 n - 148 stones (quivered)
 o - 158 arrows
 q - 85 bolts
 s - 18 poisoned darts
Armour
 b - a +0 scale mail
 c - a +0 kite shield (worn)
 g - a +0 plate armour
 u - a +0 pair of boots (worn)
 x - a +0 cloak (worn)
 B - a +0 robe (worn)
 H - a cursed +0 pair of gloves (worn)
Jewellery
 v - a ring of protection from magic (left hand)
 E - an uncursed ring of flight
 F - a +1 ring of slaying
 G - a cursed ring of teleportation (right hand)
Wands
 y - a wand of iceblast (10)
 C - a wand of polymorph (11)
Scrolls
 j - 3 scrolls of enchant weapon
 k - 3 scrolls of remove curse
 l - 4 scrolls of teleportation
 m - 4 scrolls of identify
 p - 4 scrolls of magic mapping
Potions
 d - a potion of might
 e - 3 potions of curing {unknown}
 i - a potion of lignification {unknown}
 r - a potion of heal wounds {unknown}
 t - 2 potions of flight {unknown}
 w - a potion of degeneration {unknown}
 z - a potion of invisibility {unknown}
 D - a potion of brilliance {unknown}
Comestibles
 f - 6 rations
 I - 3 chunks of flesh


   Skills:
 + Level 7.8(5.9) Fighting
 + Level 6.2(4.4) Short Blades
 + Level 4.0(2.3) Long Blades
 + Level 4.0(2.3) Axes
 + Level 4.0(2.3) Maces & Flails
 + Level 4.0(2.3) Polearms
 + Level 4.0(2.3) Staves
 + Level 4.0(2.3) Slings
 + Level 4.0(2.3) Bows
 + Level 4.0(2.3) Crossbows
 + Level 4.0(2.3) Throwing
 + Level 7.8(5.9) Armour
 + Level 4.0(2.3) Dodging
 + Level 4.0(2.3) Stealth
 + Level 7.8(5.9) Shields
 + Level 4.0(2.3) Unarmed Combat
 + Level 4.0(2.3) Spellcasting
 + Level 3.3(1.6) Conjurations
 + Level 3.3(1.6) Hexes
 + Level 3.3(1.6) Charms
 + Level 3.3(1.6) Summonings
 + Level 3.3(1.6) Necromancy
 + Level 3.3(1.6) Translocations
 + Level 3.3(1.6) Transmutations
 + Level 3.3(1.6) Fire Magic
 + Level 3.3(1.6) Ice Magic
 + Level 3.3(1.6) Air Magic
 + Level 3.3(1.6) Earth Magic
 + Level 3.3(1.6) Poison Magic
 + Level 4.5(2.7) Invocations
 + Level 4.0(2.3) Evocations


You had 11 spell levels left.
You knew the following spells:

 Your Spells              Type           Power        Failure   Level  Hunger
a - Mephitic Cloud        Conj/Pois/Air  #.......     61%         3    ###....
b - Blink                 Tloc           N/A          36%         2    ##.....

Your spell library contained the following spells:

 Spells                   Type           Power        Failure   Level  Hunger
 Animate Skeleton         Necr           N/A          26%         1    #......
 Apportation              Tloc           #.....       26%         1    #......
 Corona                   Hex            #......      26%         1    #......
 Magic Dart               Conj           #...         26%         1    #......
 Summon Small Mammal      Summ           #...         26%         1    #......
 Call Imp                 Summ           #.......     36%         2    ##.....
 Slow                     Hex            #.......     36%         2    ##.....
 Conjure Flame            Conj/Fire      #.......     61%         3    ###....


Dungeon Overview and Level Annotations

Branches:
Dungeon (8/15)             Temple (1/1) D:7
   Lair: D:8-11

Altars:
Cheibriados
Dithmenos
Elyvilon
Fedhas
Gozag
Hepliaklqana
Makhleb
Nemelex Xobeh
Okawaru
Qazlal
Ru
Sif Muna
Trog
Uskayaw
Vehumet
Wu Jian
Yredelemnul
Zin
The Shining One

Shops:
D:4 :


Innate Abilities, Weirdness & Mutations

Your experience applies equally to all skills.
You have very sharp teeth.
Your uncanny sense of smell can sniff out nearby items.


Message History

You hit the two-headed ogre but do no damage.
The two-headed ogre looks as sick as possible!
The two-headed ogre is lightly wounded.
You block the two-headed ogre's attack. The two-headed ogre barely misses you.
You hit the two-headed ogre.
The two-headed ogre looks as sick as possible!
The two-headed ogre is moderately wounded.
The two-headed ogre closely misses you.
The two-headed ogre hits you with a +0 giant club!
You hit the two-headed ogre but do no damage.
Your bite misses the two-headed ogre.
The two-headed ogre is heavily wounded.
The two-headed ogre hits you with a +0 giant club.
The two-headed ogre hits you with a +0 giant club!!
You hit the two-headed ogre.
The two-headed ogre looks as sick as possible!
The two-headed ogre is heavily wounded.
The two-headed ogre misses you.
The two-headed ogre hits you with a +0 giant club!!
You die...

#.#).# .# ∆ ##
#.#..###..# ..##
#.#......#
...##(#...####
###..#.....#
...#....$#.#
#....#....### ∆
###########...>....#..∆
.......@O............#
####.........#.##..<....
#..........#.# .##....
#..........#.# .. ...
#........^.#.# #.# ..
............#.# .# #
###..........#.# ..
##........##.#


You could see a two-headed ogre.

Vanquished Creatures
  Menkaure (D:5)
  A water moccasin (D:5)
  An orc warrior (Temple)
  3 ogres
  3 centaurs
  3 bullfrogs
  A gnoll sergeant (D:5)
  A scorpion (D:4)
  A water moccasin skeleton (D:8)
  4 wights (D:7)
  A howler monkey (D:4)
  3 crimson imps
  2 jellies
  2 orc priests (D:5)
  3 hounds
  4 iguanas
  An orc wizard (D:5)
  A bullfrog skeleton (D:6)
  4 worker ants
  A howler monkey zombie (D:8)
  5 gnolls (D:5)
  9 adders
  A shadow imp (D:5)
  An adder zombie (D:6)
  An adder skeleton (D:4)
  4 worms
  2 dart slugs
  6 leopard geckos
  11 orcs
  5 ball pythons
  8 giant cockroaches
  2 gnoll zombies (D:7)
  4 hobgoblins
  15 jackals
  7 kobolds
  3 quokkas
  6 bats
  5 frilled lizards
  A giant cockroach zombie (D:5)
  11 goblins
  A quokka skeleton (D:5)
  13 rats
162 creatures vanquished.

Notes
Turn   | Place    | Note
-------+----------+-------------------------------------------
     0 | D:1      | MisterFreud the Gnoll Fighter began the quest for the Orb.
     0 | D:1      | Reached XP level 1. HP: 23/23 MP: 1/1
    20 | D:1      | You fall into a shaft and drop 1 floor!
   134 | D:1      | Reached XP level 2. HP: 29/29 MP: 2/2
   505 | D:1      | Reached XP level 3. HP: 35/35 MP: 3/3
   673 | D:2      | Reached skill level 1 in Invocations
   737 | D:2      | Reached skill level 1 in Long Blades
   737 | D:2      | Reached skill level 1 in Axes
   737 | D:2      | Reached skill level 1 in Maces & Flails
   737 | D:2      | Reached skill level 1 in Polearms
   737 | D:2      | Reached skill level 1 in Staves
   737 | D:2      | Reached skill level 1 in Slings
   737 | D:2      | Reached skill level 1 in Bows
   737 | D:2      | Reached skill level 1 in Crossbows
   737 | D:2      | Reached skill level 1 in Throwing
   737 | D:2      | Reached skill level 1 in Dodging
   737 | D:2      | Reached skill level 1 in Stealth
   737 | D:2      | Reached skill level 1 in Unarmed Combat
   737 | D:2      | Reached skill level 1 in Spellcasting
   737 | D:2      | Reached skill level 1 in Evocations
   797 | D:2      | Reached XP level 4. HP: 35/41 MP: 5/5
  1205 | D:2      | Reached skill level 1 in Conjurations
  1205 | D:2      | Reached skill level 1 in Hexes
  1205 | D:2      | Reached skill level 1 in Charms
  1205 | D:2      | Reached skill level 1 in Summonings
  1205 | D:2      | Reached skill level 1 in Necromancy
  1205 | D:2      | Reached skill level 1 in Translocations
  1205 | D:2      | Reached skill level 1 in Transmutations
  1205 | D:2      | Reached skill level 1 in Fire Magic
  1205 | D:2      | Reached skill level 1 in Ice Magic
  1205 | D:2      | Reached skill level 1 in Air Magic
  1205 | D:2      | Reached skill level 1 in Earth Magic
  1205 | D:2      | Reached skill level 1 in Poison Magic
  1409 | D:3      | Reached XP level 5. HP: 47/47 MP: 6/6
  1445 | D:3      | Found a burning altar of Makhleb.
  1609 | D:3      | Found a white marble altar of Elyvilon.
  1609 | D:3      | Found a snail-covered altar of Cheibriados.
  1822 | D:3      | Found a shimmering blue altar of Sif Muna.
  1895 | D:3      | Found a faded altar of an unknown god.
  2198 | D:4      | Found Rokheg's Book Shoppe.
  2201 | D:4      | Noticed an ogre
  2222 | D:4      | Reached XP level 6. HP: 49/53 MP: 8/8
  2230 | D:4      | Reached skill level 5 in Short Blades
  2298 | D:4      | Reached XP level 7. HP: 45/59 MP: 10/10
  3547 | D:5      | Entered Level 5 of the Dungeon
  3574 | D:5      | Noticed Menkaure
  3809 | D:5      | Killed Menkaure
  4103 | D:5      | Reached XP level 8. HP: 46/67 MP: 12/12
  5066 | D:5      | Got a jewelled trident
  5067 | D:5      | Identified the cursed +0 trident of Autumn {venom, Int+6}
                  | (You found it on level 5 of the Dungeon)
  5289 | D:4      | Bought a book of Minor Magic for 200 gold pieces
  5322 | D:4      | Learned a level 3 spell: Mephitic Cloud
  5325 | D:4      | Learned a level 2 spell: Blink
  5392 | D:6      | Found a hide-covered altar of Uskayaw.
  5558 | D:6      | Found a stormy altar of Qazlal.
  5881 | D:6      | Found an ornate altar of the Wu Jian Council.
  6022 | D:6      | Reached XP level 9. HP: 72/72 MP: 14/14
  6416 | D:7      | Found a sacrificial altar of Ru.
  6542 | D:7      | Found a snail-covered altar of Cheibriados.
  6627 | D:7      | Found a basalt altar of Yredelemnul.
  6799 | D:7      | Found a staircase to the Ecumenical Temple.
  6836 | Temple   | Entered the Ecumenical Temple
  7618 | D:8      | Noticed a two-headed ogre
  7636 | D:8      | Slain by a two-headed ogre

Levels and vault maps discovered:
D:1:      dpeg_arrival_tiny_a, layout_basic
D:2:      layout_loops_ring
D:3:      cheibrodos_helix_gallery, layout_loops_ring,
          gammafunk_temple_overflow_elements, overflow_temple_1_default,
          lemuel_crystal_altar, first_ration, chequers_ecumenical_altar_twisty
D:4:      layout_layer_cave, serial_shops, shop, feat_on_display
D:5:      layout_gridville, uniq_menkaure
D:6:      layout_basic, grunt_qazlal_clouds, marbit_many_paths,
          eat_drink_and_be_merry_uskayaw
D:7:      layout_rooms, nicolae_ru_awakened_eye,
          lemuel_zombie_altar_yredelemnul, minmay_temple_entry_ruins,
          basic_altar
D:8:      layout_rooms, xom_shifter_show
Temple:   eino_temple_lava

Skill      XL: |  1  2  3  4  5  6  7  8  9 |
---------------+----------------------------+-----
Invocations    | 1 2 3 4 |  4.5
Long Blades    | 1 2 3 4 |  4.0
Axes           | 1 2 3 4 |  4.0
Maces & Flails | 1 2 3 4 |  4.0
Polearms       | 1 2 3 4 |  4.0
Staves         | 1 2 3 4 |  4.0
Slings         | 1 2 3 4 |  4.0
Bows           | 1 2 3 4 |  4.0
Crossbows      | 1 2 3 4 |  4.0
Throwing       | 1 2 3 4 |  4.0
Dodging        | 1 2 3 4 |  4.0
Stealth        | 1 2 3 4 |  4.0
Unarmed Combat | 1 2 3 4 |  4.0
Spellcasting   | 1 2 3 4 |  4.0
Evocations     | 1 2 3 4 |  4.0
Conjurations   | 1 2 3 |  3.3
Hexes          | 1 2 3 |  3.3
Charms         | 1 2 3 |  3.3
Summonings     | 1 2 3 |  3.3
Necromancy     | 1 2 3 |  3.3
Translocations | 1 2 3 |  3.3
Transmutations | 1 2 3 |  3.3
Fire Magic     | 1 2 3 |  3.3
Ice Magic      | 1 2 3 |  3.3
Air Magic      | 1 2 3 |  3.3
Earth Magic    | 1 2 3 |  3.3
Poison Magic   | 1 2 3 |  3.3
Short Blades   | 5 6 |  6.2
Fighting       | 7 |  7.8
Armour         | 7 |  7.8
Shields        | 7 |  7.8

Action                   |  1- 3 |  4- 6 |  7- 9 || total
-------------------------+-------+-------+-------++-------
Melee: Rapier            |    81 |   210 |   227 ||   518
       Bite              |     8 |    32 |    47 ||    87
       Trident           |       |       |   167 ||   167
Evoke: Wand              |       |       |     1 ||     1
  Use: Scroll            |       |       |     7 ||     7
       Potion            |       |       |     1 ||     1
 Stab: Sleeping          |       |       |     6 ||     6
  Eat: Chunk             |       |     5 |    14 ||    19
       Ration            |       |       |     1 ||     1
Armor: Scale mail        |    22 |    52 |    12 ||    86
       Plate armour      |       |       |    80 ||    80
       Robe              |       |       |    13 ||    13
Dodge: Dodged            |    26 |    62 |    88 ||   176
Block: Kite shield       |    36 |   133 |   208 ||   377

Table legend:
 A = Non-vault XP
 B = Vault XP
 C = Vault XP percentage of total XP
 D = Non-vault monster count
 E = Vault monster count
 F = Vault count percentage of total count
                 A         B        C        D         E       F
            +---------+---------+-------+---------+---------+-------
      Total |    2896 |     227 |   7.3 |     157 |       5 |   3.1
            +---------+---------+-------+---------+---------+-------
        D:1 |      38 |       0 |   0.0 |      23 |       0 |   0.0
        D:2 |      98 |       0 |   0.0 |      32 |       0 |   0.0
        D:3 |      76 |       2 |   2.6 |      21 |       1 |   4.5
        D:4 |     620 |       0 |   0.0 |      20 |       0 |   0.0
        D:5 |     905 |     175 |  16.2 |      33 |       1 |   2.9
        D:6 |     518 |      46 |   8.2 |      12 |       1 |   7.7
        D:7 |     379 |       4 |   1.0 |       9 |       2 |  18.2
        D:8 |      83 |       0 |   0.0 |       3 |       0 |   0.0
     Temple |     179 |       0 |   0.0 |       4 |       0 |   0.0
            +---------+---------+-------+---------+---------+-------
